 Dungeon Crawl Stone Soup version 0.31-a0-836-g3ceb0a68c4 (webtiles) character file.

Game seed: 2503088205143784107

345 hikkokomori the Trooper (level 6, -9/40 HPs)
             Began as a Gargoyle Fighter on Sept 27, 2023.
             Mangled by an ogre
             ... wielding a +0 giant club
              (16 damage)
             ... on level 4 of the Dungeon.
             The game lasted 00:03:58 (2563 turns).

hikkokomori the Trooper (Gargoyle Fighter)          Turns: 2563, Time: 00:03:58

Health: -9/40      AC: 11    Str: 19    XL:     6   Next: 58%
Magic:  6/6        EV:  9    Int: 11    God:
Gold:   261        SH:  4    Dex:  9    Spells: 5/5 levels left

rFire   . . .        a - +0 war axe
rCold   . . .        c - +0 buckler
rNeg    + . .        b - +0 scale mail
rPois   ∞            (no helmet)
rElec   +            h - scarf {shadows}
rCorr   .            (no gloves)
SInv    .            (no boots)
Will    .....        (no amulet) Stlth
                     (no ring)
HPRegen 0.26/turn    (no ring)
MPRegen 0.10/turn

%: no passive effects
@: no status effects
A: sickness immunity, AC +4, negative energy resistance 1, electricity
resistance, torment resistance 1, petrification resistance
a: no special abilities


You were on level 4 of the Dungeon.
You visited 1 branch of the dungeon, and saw 4 of its levels.

You collected 261 gold pieces.

Inventory:

Hand Weapons
 a - a +0 war axe (weapon)
Missiles
 r - 2 curare-tipped darts
Armour
 b - a +0 scale mail (worn)
 c - a +0 buckler (worn)
 h - a scarf of shadows (worn)
 o - a +0 pair of boots
Jewellery
 q - a ring of protection from cold
 s - a ring of protection from fire
Wands
 i - a wand of roots (5)
Scrolls
 f - 3 scrolls of identify {unknown}
 l - 2 scrolls of teleportation
 m - a scroll of revelation {unknown}
 n - a scroll of enchant armour {unknown}
Potions
 d - a potion of might
 e - a potion of heal wounds {unknown}
 g - 3 potions of attraction {unknown}
 j - 2 potions of curing {unknown}
 k - a potion of lignification {unknown}
 p - a potion of invisibility {unknown}
 t - a potion of haste {unknown}


   Skills:
 + Level 4.8 Fighting
 + Level 3.5 Axes
 + Level 1.0 Throwing
 - Level 4.5 Armour
 - Level 4.6 Shields


You had 5 spell levels left.
You didn't know any spells.
Your spell library contained the following spells:

 Spells                   Type           Power      Damage    Failure   Level
 Blink                    Tloc           0%         N/A       88%         2
 Lesser Beckoning         Tloc           0%         N/A       88%         2
 Momentum Strike          Conj/Tloc      0%         3d8       88%         2
 Wereblood                Tmut           0%         N/A       88%         2
 Summon Hydra             Summ           0%         N/A       100%        7
 Sublimation of Blood     Necr           Unusable   N/A       N/A         2

Dungeon Overview and Level Annotations

Branches:
Dungeon (4/15)
 Temple: D:4-7

Altars:
Ashenzari
Dithmenos
Hepliaklqana
Makhleb
Qazlal


Innate Abilities, Weirdness & Mutations

You are immune to sickness and miasma.
Your stone body is resilient. (AC +4)
You are immune to poison.
You resist negative energy. (rN+)
You are resistant to electric shocks. (rElec)
You are resistant to unholy torment.
You are immune to petrification.


Message History

You hit the ogre but do no damage.
The ogre is lightly wounded.
You barely miss the orc. The orc hits you but does no damage.
The ogre hits you but does no damage.
Unknown command.
You slash the ogre!
The ogre is heavily wounded.
You hit the orc. You block the orc's attack. You block the ogre's attack.
The orc hits you but does no damage. You block the orc's attack.
Things that are here:
a +0 mace; a +0 falchion; an orc corpse You barely miss the orc.
The orc is almost dead.
You barely miss the ogre. The orc hits you with a +0 hand axe.
You block the ogre's attack.
Unknown command.
You slash the ogre!
The ogre is almost dead.
You closely miss the orc. The orc barely misses you.
The ogre hits you with a +0 giant club!
* * * LOW HITPOINT WARNING * * *
Unknown command.
You barely miss the ogre.
The ogre is almost dead.
You hit the orc.
You kill the orc!
The ogre barely misses you.
Unknown command.
You barely miss the ogre.
The ogre is almost dead.
You barely miss the ogre.
The ogre is almost dead.
The ogre barely misses you. The ogre barely misses you.
Items here: $ )) [[ †.
You closely miss the ogre.
The ogre is almost dead.
The ogre hits you with a +0 giant club!
You die...

####### .......
#....# #....#
#....######
#........#
#...#....#
#)@†#....#
##O.##...# # ###
#..# ##o###/##.##
##... .....#...##
##......oo.o).S.#
##.......#..OOS
###... ##.### ###
###


You could see an ogre.

Vanquished Creatures
  An ogre (D:4)
  A bullfrog (D:4)
  A hound (D:4)
  An orc wizard (D:4)
  3 adders (D:2)
  An ufetubus (D:4)
  3 worms
  5 dart slugs
  4 orcs
  10 endoplasms
  3 giant cockroaches
  6 goblins
  10 hobgoblins
  2 jackals (D:1)
  11 kobolds
  3 quokkas
  7 ball pythons
  7 bats
  2 frilled lizards
  9 rats
90 creatures vanquished.

Notes
Turn   | Place    | Note
-------+----------+-------------------------------------------
     0 | D:1      | hikkokomori the Gargoyle Fighter began the quest for the
                  | Orb.
     0 | D:1      | Reached XP level 1. HP: 14/14 MP: 1/1
   118 | D:1      | Reached XP level 2. HP: 16/19 MP: 2/2
   194 | D:1      | Found a faded altar of an unknown god.
   284 | D:1      | Reached XP level 3. HP: 22/23 MP: 3/3
   842 | D:2      | Reached XP level 4. HP: 25/29 MP: 4/4
   873 | D:2      | Found a shadowy altar of Dithmenos.
  1462 | D:3      | Found a broken altar of Ashenzari.
  1463 | D:3      | Found a hazy altar of Hepliaklqana.
  1546 | D:3      | Reached XP level 5. HP: 24/33 MP: 5/5
  1897 | D:3      | Found a burning altar of Makhleb.
  1956 | D:3      | Found a stormy altar of Qazlal.
  2479 | D:4      | Noticed an ogre
  2494 | D:4      | Killed an ogre
  2495 | D:4      | Reached XP level 6. HP: 39/39 MP: 6/6
  2507 | D:4      | Noticed a black bear
  2548 | D:4      | Reached skill level 1 in Throwing
  2563 | D:4      | Mangled by an ogre

Illustrated notes

Levels and vault maps discovered:
D:1:      elethiomel_arrival_maze, layout_rooms,
          hellmonk_ecumenical_altar_crossroads
D:2:      layout_rooms, basic_altar, minmay_misc_feat_ornament,
          chequers_serial_rivers_room_b, minmay_hexomino_u4
D:3:      layout_rooms, amcnicky_altar_gilded, marbit_many_paths, minitemple
D:4:      minmay_recursive_quarters, layout_layer_cave

Skill      XL: |  1  2  3  4  5  6 |
---------------+-------------------+-----
Axes           | 2 3 |  3.5
Shields        | 4 |  4.6
Armour         | 4 |  4.5
Fighting       | 4 |  4.8
Throwing       | 1 |  1.0

Action                     |  1- 3 |  4- 6 || total
---------------------------+-------+-------++-------
  Melee: War axe           |    96 |   181 ||   277
  Throw: Dart              |       |     1 ||     1
    Use: Scroll            |       |     1 ||     1
 Armour: Scale mail        |    73 |   172 ||   245
  Dodge: Dodged            |    55 |    91 ||   146
  Block: Buckler           |    25 |    44 ||    69

Table legend: (Time is in decaauts)
 A = Elapsed time spent in this place.
 B = Non-inter-level travel time spent in this place.
 C = Inter-level travel time spent in this place.
 D = Time resting spent in this place.
 E = Time spent auto-exploring this place.
 F = Levels seen in this place.
 G = Mean time per level.
                   A        B        C        D        E       F      G
               +--------+--------+--------+--------+--------+-----+--------+
         Total |   2673 |   2578 |     95 |      3 |   1906 |   4 |  668.2 |
       Dungeon |   2673 |   2578 |     95 |      3 |   1906 |   4 |  668.2 |
               +--------+--------+--------+--------+--------+-----+--------+

Top non-repeatable levels by time:
     D:1: 789 daAuts
     D:3: 713 daAuts
     D:2: 683 daAuts
     D:4: 487 daAuts
